Map: Golden Wall LE

Players

Throwfordays - Winner!

  • Race: Protoss Protoss
  • League: Bronze
  • Spawn Location: 5:00

VOD

Have the link to the VOD?

Description

Time

  • Played on: June 26, 2020, 3:10 a.m.
  • Length: 4:22
Show
View Real Time Build Order
Export as new Build Order

Throwfordays Protoss - Winner!

Build Orders:  

Get SALT Encoding   

  12  0:07  Probe (Chrono Boost)  
  13  0:24  Probe (Chrono Boost)  
  15  0:41  Probe (Chrono Boost)  
  15  0:55  Pylon  
  15  1:07  Assimilator  
  15  1:21  Gateway  
  15  1:22  Gateway, Probe (Chrono Boost)  
  16  1:33  Probe (Chrono Boost)  
  17  1:45  Probe (Chrono Boost)  
  18  1:59  Probe (Chrono Boost)  
  19  2:16  Probe (Chrono Boost)  
  20  2:27  Cybernetics Core  
  20  2:28  Zealot  
  22  2:32  Pylon  
  22  2:51  Zealot  
  22  2:52  Gateway  
  22  2:57  Zealot  
  24  3:00  Pylon  
  26  3:21  Zealot  
  34  4:13  Unknown  
Tags
 
League
Bronze
Matchup
Co-op
Replay Pack
Multiplayer
Add a new tag
Caveats
  • Supply blocks, unpowered buildings, or Contaminate may cause inaccurate times.
  • Supply counts are checked every 10 seconds.